 Dungeon Crawl Stone Soup version 0.22-a0-322-g60b3cfd (webtiles) character file.

6754 kidcy the Impaler (level 11, -9/89 HPs)
             Began as a Merfolk Gladiator on Apr 2, 2018.
             Was a Priest of the Shining One.
             Mangled by a yak (11 damage)
             ... on level 9 of the Dungeon.
             The game lasted 00:22:05 (9593 turns).

kidcy the Impaler (Merfolk Gladiator)               Turns: 9593, Time: 00:22:06

Health: -9/89      AC: 14    Str: 17    XL:     11   Next: 4%
Magic:  12/12      EV: 13    Int:  8    God:    the Shining One [***...]
Gold:   264        SH:  0    Dex: 19    Spells: 10/10 levels left

rFire    . . .     SeeInvis .   H - +1 glaive (venom)
rCold    . . .     Gourm    .   (shield currently unavailable)
rNeg     + . .     Faith    .   h - +0 ring mail
rPois    .         Spirit   .   c - +0 helmet
rElec    .         Reflect  .   (no cloak)
rCorr    .         Harm     .   (no gloves)
MR       .....                  l - +2 pair of boots {Stlth+}
Stlth    +.........             (no amulet)
HPRegen  0.24/turn              i - +3 ring of dexterity
MPRegen  0.13/turn              u - +4 ring of protection

@: glowing
A: change form in water, swift swim, stealthy swim
a: Divine Shield, Renounce Religion


You were on level 9 of the Dungeon.
You worshipped the Shining One.
The Shining One was most pleased with you.
You were not hungry.

You visited 1 branch of the dungeon, and saw 9 of its levels.
You also visited: Sewer.

You collected 549 gold pieces.
You spent 285 gold pieces at shops.

Inventory:

Hand Weapons
 a - a +0 trident
 v - a +0 halberd of chopping
 x - a +1 glaive
 H - a +1 glaive of venom (weapon)
Missiles
 d - 4 throwing nets (quivered)
Armour
 b - a +0 leather armour
 c - a +0 helmet (worn)
 h - a +0 ring mail (worn)
 l - a +2 pair of boots of stealth (worn)
 B - a +0 pair of boots
 C - the +0 robe of Pride {rElec rPois}
   (You found it on level 5 of the Dungeon)

   It insulates you from electricity.
   It protects you from poison.
Jewellery
 i - a +3 ring of dexterity (left hand)
 p - an uncursed ring of wizardry
 u - a +4 ring of protection (right hand)
Wands
 y - a wand of acid (5)
Scrolls
 e - 2 scrolls of teleportation
 g - a scroll of enchant weapon
 n - 2 scrolls of remove curse
 o - 3 scrolls of magic mapping
 t - a scroll of amnesia
 D - a scroll of brand weapon
 G - a scroll of enchant armour
Potions
 j - 2 potions of degeneration {unknown}
 k - 2 potions of curing
 m - a potion of ambrosia
 q - 2 potions of agility
 r - 2 potions of mutation {unknown}
 s - 5 potions of flight {unknown}
 w - 2 potions of magic {unknown}
 z - 2 potions of lignification {unknown}
 E - a potion of cancellation {unknown}
 F - a potion of resistance {unknown}
Comestibles
 f - 13 rations


   Skills:
 + Level 9.3 Fighting
 * Level 16.0 Polearms
 - Level 2.0 Throwing
 - Level 5.8 Armour
 - Level 4.0 Dodging
 + Level 2.6 Invocations


You had 10 spell levels left.
You didn't know any spells.

Dungeon Overview and Level Annotations

Branches:
Dungeon (9/15)             Temple (0/1) D:7
   Lair: D:8-11         Orc: D:9-12

Altars:
Cheibriados
Elyvilon
Fedhas
Hepliaklqana
Makhleb
Nemelex Xobeh
Qazlal
Sif Muna
Uskayaw
Vehumet
Yredelemnul
Zin
The Shining One

Shops:
D:8 (

Annotations:
D:4 2 transporters
D:5 TheNamelessOne's ghost, novice DsCK
D:7 Paulus's ghost, novice MfGl


Message History

The yak gores you!
* * * LOW HITPOINT WARNING * * *
You see here a chain mail.
You barely miss the yak.
The yak is heavily wounded.
The yak gores you.
* * * LOW HITPOINT WARNING * * *
The yak misses you. The yak gores you but does no damage.
You see here 12 gold pieces.
The yak closely misses you. The yak gores you!
* * * LOW HITPOINT WARNING * * *
The yak gores you!
* * * LOW HITPOINT WARNING * * *
The yak gores you but does no damage. The yak gores you!
* * * LOW HITPOINT WARNING * * *
You feel better. The yak gores you.
* * * LOW HITPOINT WARNING * * *
The yak gores you!
You die...

..... #.....#.
....######.....##
...............#
...............#
...............#
##+####....>.......#
#.$[..#.....#'##....
#.YY..#.....#..#....
#.Y@.>†.....#..#....
##+####....)####(...
###+#....[....
#.........
#.........
#.........
....#+##... .....#
... ......# ...


You could see 3 yaks.

Vanquished Creatures
  A two-headed ogre (D:8)
  2 unseen horrors
  Pikel (D:9)
  The ghost of TheNamelessOne the Insei, a novice OpTm (D:6)
  A spriggan (D:7)
  3 yaks (D:9)
  Eustachio (D:6)
  A hungry ghost (D:8)
  3 orc warriors
  2 ice beasts
  A sky beast (D:6)
  2 phantoms
  3 ogres
  2 wolves (D:9)
  3 bullfrogs
  A big kobold (Sewer)
  A wyvern zombie (D:7)
  2 scorpions
  2 howler monkeys
  8 wights
  A bullfrog zombie (D:6)
  5 crimson imps
  2 jellies
  A gnoll shaman (D:8)
  6 hounds
  A centaur skeleton (D:9)
  6 orc priests
  Terence (D:3)
  An iguana (D:9)
  3 worker ants
  9 orc wizards
  A hound skeleton (D:8)
  2 worker ant zombies
  10 gnolls
  11 adders
  2 river rats (D:4)
  2 shadow imps
  4 adder skeletons
  A worm (D:4)
  2 dart slugs
  6 leopard geckos
  26 orcs
  12 giant cockroaches
  6 goblins
  11 hobgoblins
  16 jackals
  13 kobolds
  5 quokkas
  2 ball pythons (D:4)
  6 bats
  8 frilled lizards
  2 goblin skeletons (D:4)
  A hobgoblin zombie (D:4)
  A kobold skeleton (D:4)
  2 kobold zombies (D:4)
  A leopard gecko skeleton (D:3)
  An orc skeleton (D:4)
  An orc zombie (D:4)
  A quokka zombie (D:6)
  13 rats
246 creatures vanquished.

Vanquished Creatures (others)
  Grum (D:9)
  4 slaves (D:9)
  A quokka (D:6)
6 creatures vanquished.

Grand Total: 252 creatures vanquished

Notes
Turn   | Place    | Note
-------+----------+-------------------------------------------
     0 | D:1      | kidcy the Merfolk Gladiator began the quest for the Orb.
     0 | D:1      | Reached XP level 1. HP: 16/16 MP: 1/1
   123 | D:1      | Reached XP level 2. HP: 23/23 MP: 2/2
   161 | D:1      | Reached skill level 5 in Polearms
   628 | D:1      | Found a sparkling altar of Nemelex Xobeh.
   784 | D:2      | Reached XP level 3. HP: 28/28 MP: 3/3
   792 | D:2      | Found a blossoming altar of Fedhas.
   995 | D:2      | Reached skill level 1 in Armour
  1122 | D:2      | Reached XP level 4. HP: 35/35 MP: 4/4
  1215 | D:2      | Found a stormy altar of Qazlal.
  1285 | D:2      | Reached skill level 6 in Polearms
  1577 | D:2      | Reached XP level 5. HP: 30/41 MP: 5/5
  1915 | D:3      | Noticed Terence
  1937 | D:3      | Killed Terence
  1937 | D:3      | Reached skill level 7 in Polearms
  2017 | D:3      | Found a glowing silver altar of Zin.
  2017 | D:3      | Found a hazy altar of Hepliaklqana.
  2397 | D:4      | Reached XP level 6. HP: 44/48 MP: 6/6
  2460 | D:4      | Found a radiant altar of Vehumet.
  2460 | D:4      | Noticed a brown ugly thing
  2462 | D:4      | Found a transporter.
  2507 | D:4      | Found a glowing drain.
  2527 | D:4      | Reached skill level 8 in Polearms
  2641 | Sewer    | Entered a sewer
  2771 | Sewer    | Reached XP level 7. HP: 43/55 MP: 7/7
  2856 | Sewer    | Found a glowing silver altar of Zin.
  3012 | D:4      | Found a glowing golden altar of the Shining One.
  3168 | D:4      | Reached skill level 9 in Polearms
  3252 | D:4      | Found a snail-covered altar of Cheibriados.
  3515 | D:4      | Found a transporter.
  3680 | D:4      | Reached skill level 5 in Fighting
  3770 | D:5      | Entered Level 5 of the Dungeon
  3846 | D:5      | Noticed TheNamelessOne's ghost (novice DsCK)
  3872 | D:4      | Became a worshipper of the Shining One
  4234 | D:5      | Got an ichor-stained robe
  4246 | D:5      | Identified the cursed +0 robe of Pride {rElec rPois} (You found it on level 5 of the Dungeon)
  4355 | D:5      | Reached XP level 8. HP: 62/62 MP: 8/8
  4495 | D:5      | Reached skill level 10 in Polearms
  5002 | D:6      | Found a white marble altar of Elyvilon.
  5026 | D:6      | Noticed TheNamelessOne's ghost (novice OpTm)
  5048 | D:6      | Killed TheNamelessOne's ghost
  5190 | D:6      | Reached skill level 11 in Polearms
  5470 | D:6      | Reached * piety under the Shining One
  5899 | D:6      | Noticed Eustachio
  5928 | D:6      | Killed Eustachio
  5928 | D:6      | Reached skill level 12 in Polearms
  5928 | D:6      | Reached XP level 9. HP: 36/71 MP: 9/9
  6526 | D:6      | Found a deep blue altar of Sif Muna.
  6874 | D:7      | Noticed Paulus's ghost (novice MfGl)
  7171 | D:7      | Found a staircase to the Ecumenical Temple.
  7188 | D:7      | Found a basalt altar of Yredelemnul.
  7368 | D:7      | Reached ** piety under the Shining One
  7423 | D:7      | Reached skill level 13 in Polearms
  7534 | D:7      | Found a burning altar of Makhleb.
  7948 | D:8      | Found a hide-covered altar of Uskayaw.
  7948 | D:8      | Noticed a dagger
  7948 | D:8      | Noticed a hand axe
  7964 | D:8      | Reached skill level 5 in Armour
  8085 | D:8      | Reached XP level 10. HP: 61/80 MP: 10/10
  8139 | D:8      | Found a sparkling altar of Nemelex Xobeh.
  8155 | D:8      | Noticed a two-headed ogre
  8232 | D:8      | Killed a two-headed ogre
  8232 | D:8      | Reached skill level 14 in Polearms
  8363 | D:8      | Noticed an unseen horror
  8374 | D:8      | Killed an unseen horror
  8680 | D:8      | Found Uvele's Antique Weapon Shop.
  8683 | D:8      | Bought a glowing glaive for 285 gold pieces
  8895 | D:9      | Noticed Pikel
  8902 | D:9      | Reached skill level 15 in Polearms
  8906 | D:9      | Killed Pikel
  9065 | D:9      | Reached *** piety under the Shining One
  9316 | D:9      | Killed Grum
  9355 | D:9      | Noticed an unseen horror
  9365 | D:9      | Killed an unseen horror
  9365 | D:9      | Reached skill level 1 in Invocations
  9578 | D:9      | Reached XP level 11. HP: 63/89 MP: 12/12
  9582 | D:9      | Reached skill level 16 in Polearms
  9592 | D:9      | HP: 1/89 [yak (10)]
  9593 | D:9      | Mangled by a yak

Vault maps used:
D:1:      ncdulo_watergridlock, nemelex_diamond_rough_becter
D:2:      nicolae_overflow_hidden_temple, fedhas_altar_3
D:3:      chequers_temple_overflow_statue_of_worship, first_ration,
          serial_undead, serial_undead_a, serial_undead_e, serial_undead_b,
          serial_undead_f, uniq_terence
D:4:      gammafunk_temple_overflow_arena, nicolae_tso_besieged_by_evil,
          portal_sewer_entry_c, roderic_lattice_a, kennysheep_slug_shrine
D:6:      elyvilon_altar_4, marbit_many_paths, uniq_eustachio
D:7:      lemuel_crystal_altar, yredelemnul_altar_generic, temple_statues,
          the_bakery
D:8:      kennysheep_mini_moat, dancing_weapons_uskayaw, serial_shops, shop,
          kennysheep_generic_room_10
D:9:      uniq_pikel, uniq_grum
Sewer:    sewer_kobolds

Skill      XL: |  1  2  3  4  5  6  7  8  9 10 11 |
---------------+----------------------------------+-----
Polearms       | 5 6 7 8 9 12 13 15 16 | 16.0
Armour         | 1 2 3 4 5 |  5.8
Fighting       | 3 4 5 6 7 9 |  9.3
Invocations    | 2 |  2.6
Throwing       | |  2.0
Dodging        | |  4.0

Action                   |  1- 3 |  4- 6 |  7- 9 | 10-12 || total
-------------------------+-------+-------+-------+-------++-------
Melee: Trident           |   119 |   245 |   352 |       ||   716
       Tailslap          |       |     3 |       |       ||     3
       Halberd           |       |       |   105 |    36 ||   141
       Glaive            |       |       |       |    65 ||    65
Evoke: Wand              |       |       |     1 |     4 ||     5
  Use: Scroll            |       |     5 |    11 |     4 ||    20
       Potion            |       |       |     4 |     2 ||     6
 Stab: Sleeping          |     6 |     6 |     2 |       ||    14
       Distracted        |       |     1 |       |       ||     1
  Eat: Chunk             |     1 |     5 |     7 |     4 ||    17
       Ration            |       |       |     3 |     1 ||     4
Armor: Leather armour    |    18 |    58 |    11 |       ||    87
       Ring mail         |       |       |    34 |    32 ||    66
       Robe              |       |       |    23 |     2 ||    25
Dodge: Dodged            |    57 |   126 |   226 |    81 ||   490

Table legend:
 A = Spawn XP
 B = Non-spawn XP
 C = Spawn XP percentage of total XP
 D = Spawn monster count
 E = Non-spawn monster count
 F = Spawn count percentage of total count
 G = Total turns spent on level
                    A         B        C        D         E        F      G
               +---------+---------+-------+---------+---------+-------+---------
         Total |       0 |    9649 |   0.0 |       0 |     246 |   0.0 |  9593
               +---------+---------+-------+---------+---------+-------+---------
           D:1 |       0 |      33 |   0.0 |       0 |      21 |   0.0 |   776
           D:2 |       0 |     162 |   0.0 |       0 |      33 |   0.0 |   932
           D:3 |       0 |     116 |   0.0 |       0 |      33 |   0.0 |   671
           D:4 |       0 |     634 |   0.0 |       0 |      42 |   0.0 |  1499
           D:5 |       0 |     244 |   0.0 |       0 |       8 |   0.0 |   808
           D:6 |       0 |    1526 |   0.0 |       0 |      28 |   0.0 |  2091
           D:7 |       0 |    1221 |   0.0 |       0 |      25 |   0.0 |   858
           D:8 |       0 |    2727 |   0.0 |       0 |      30 |   0.0 |   933
           D:9 |       0 |    2882 |   0.0 |       0 |      17 |   0.0 |   740
         Sewer |       0 |     104 |   0.0 |       0 |       9 |   0.0 |   285
               +---------+---------+-------+---------+---------+-------+---------
